 Dungeon Crawl Stone Soup version 0.31-a0-354-g827e095 (webtiles) character file.

Game seed: 1446544942401758096

585080 PurpleRed the Executioner (level 25, -4/330 HPs)
             Began as an Armataur Fighter on July 22, 2023.
             Was a High Priest of Okawaru.
             Slain by a bennu (15 damage)
             ... on level 7 of a ziggurat on July 23, 2023.
             The game lasted 02:39:28 (75828 turns).

PurpleRed the Executioner (Armataur Fighter)       Turns: 75828, Time: 02:39:29

Health: -4/330     AC: 43    Str: 34    XL:     25   Next: 49%
Magic:  31/31      EV:  9    Int: 13    God:    Okawaru [*****.]
Gold:   3958       SH: 16    Dex: 10    Spells: 24/24 levels left

rFire   + + +        Z - +8 mithril axe "Arga" {speed, Will+}
rCold   + + .        s - +2 shield of Resistance {rF++ rC++ Will++}
rNeg    + . .        W - melded +5 plate armour "Poumaan" {Regen+ SInv}
rPois   ∞            R - +3 helmet "Jas Ilut" {rC- Str+3 SInv}
rElec   +            u - scarf {rC+ rF+}
rCorr   .            w - melded +3 Mad Mage's Maulers {Infuse+∞ VampMP -Cast}
SInv    +            g - melded +2 barding of Good Intentions {rN++ rCorr}
Will    ++++.        y - amulet of regeneration
Stlth   +            r - +4 ring of protection
HPRegen 1.55/turn    I - +4 ring of protection
MPRegen 0.22/turn

%: roll
@: statue-form, slowed, studying Armour, very slow
A: slow and powerful, torment resistance 1, boosted hp, large, rugged brown
scales 3, deformed body, armoured tail, roll, long tongue, awkward tongue,
talons 1, clever 1, low MP 1
}: 4/15 runes: serpentine, barnacled, slimy, silver
a: Begin Untransformation, Renounce Religion, Heroism, Finesse, Duel


You were on level 7 of a ziggurat.
You worshipped Okawaru.
Okawaru was extremely pleased with you.
You were a living statue of rough stone.
You visited 11 branches of the dungeon, and saw 51 of its levels.
You visited 1 ziggurat, and saw 7 of its levels.
You also visited: Trove, Bailey and Ice Cave.

You collected 9110 gold pieces.
You spent 5152 gold pieces at shops.

Inventory:

Hand Weapons
 D - the +5 Lochaber axe {reach-cleave, Poleaxe Drain}
   (You took it off a deep elf pyromancer on level 3 of the Elven Halls)

   Poleaxe:   It uses either Axes or Polearms skill, whichever is higher.
   Drain:     It drains your maximum health when unequipped.
 S - the +10 executioner's axe "Zopoc" {elec, rCorr}
   (Okawaru gifted it to you on level 3 of the Vaults)

   rCorr:     It protects you from acid and corrosion.
 Z - the +8 mithril axe "Arga" (weapon) {speed, Will+}
   (Okawaru gifted it to you on level 2 of the Elven Halls)

   Will:      It increases your willpower.
Missiles
 B - 22 curare-tipped darts
Armour
 c - the +0 pair of gloves of Uskayaw's Respect {rElec Int-2 Dex+7 Stlth-}
   (You found it on level 3 of the Elven Halls)

   Int:       It affects your intelligence (-2).
   Dex:       It affects your dexterity (+7).
   rElec:     It insulates you from electricity.
   Stlth:     It makes you less stealthy.
 g - the +2 barding of Good Intentions (melded) {rN++ rCorr}
   (Okawaru gifted it to you on level 1 of the Vaults)

   rN:        It greatly protects you from negative energy.
   rCorr:     It protects you from acid and corrosion.
 l - a +0 cloak of willpower
 o - the +2 pair of gloves of Okawaru's Generosity {rF+ rC- rN++}
   (Okawaru gifted it to you on level 2 of the Shoals)

   rF:        It protects you from fire.
   rC:        It makes you vulnerable to cold.
   rN:        It greatly protects you from negative energy.
 s - the +2 shield of Resistance (worn) {rF++ rC++ Will++}
   (You bought it in a shop on level 1 of the Shoals)

   rF:        It greatly protects you from fire.
   rC:        It greatly protects you from cold.
   Will:      It greatly increases your willpower.
 u - a scarf of resistance (worn)
 w - the +3 Mad Mage's Maulers (melded) {Infuse+∞ VampMP -Cast}
   (You acquired it on level 3 of the Elven Halls)

   Infuse+∞: It empowers its wearer's blows with all of their magic.
   VampMP:    Blows struck in melee replenish the wearer's magic.
   -Cast:     It prevents spellcasting.
 G - the +4 barding of Aqov {rPois rC+ Dex-5 Slay+5}
   (Okawaru gifted it to you on level 1 of the Orcish Mines)

   Dex:       It affects your dexterity (-5).
   Slay:      It affects your accuracy & damage with ranged weapons and melee
   (+5).
   rC:        It protects you from cold.
   rPois:     It protects you from poison.
 R - the +3 helmet "Jas Ilut" (worn) {rC- Str+3 SInv}
   (You found it on level 3 of the Crypt)

   Str:       It affects your strength (+3).
   rC:        It makes you vulnerable to cold.
   SInv:      It lets you see invisible.
 U - the +10 Black Knight's barding {ponderous, rPois rN+}
   (You found it in a treasure trove)

   rPois:     It protects you from poison.
   rN:        It protects you from negative energy.
 W - the +5 plate armour "Poumaan" (melded) {Regen+ SInv}
   (Okawaru gifted it to you on level 3 of the Snake Pit)

   SInv:      It lets you see invisible.
   Regen:     It increases your rate of health regeneration.
 Y - the +6 chain mail of the Flute {rPois Will+ Stlth+}
   (Okawaru gifted it to you on level 3 of the Elven Halls)

   rPois:     It protects you from poison.
   Will:      It increases your willpower.
   Stlth:     It makes you more stealthy.
Jewellery
 b - the ring of Equilibrium {Fly rElec}
   (You found it on level 6 of a ziggurat)

   [ring of flight]

   rElec:     It insulates you from electricity.
   Fly:       It grants you flight.
 r - a +4 ring of protection (left fist)
 y - an amulet of regeneration (around neck)
 z - a ring of see invisible
 A - the ring of the Delicate God {*Corrode rN+ EV+5 Int+4}
   (You found it on level 5 of the Vaults)

   [ring of evasion]

   EV:        It affects your evasion (+5).
   Int:       It affects your intelligence (+4).
   rN:        It protects you from negative energy.
   *Corrode:  It may corrode you when you take damage.
 I - a +4 ring of protection (right fist)
 N - a ring of willpower
Talismans
 M - a granite talisman
Wands
 F - a wand of digging (23)
 J - a wand of iceblast (69)
 L - a wand of light (65)
Scrolls
 d - 3 scrolls of silence
 e - 20 scrolls of teleportation
 j - 9 scrolls of brand weapon
 n - 8 scrolls of blinking
 q - 14 scrolls of amnesia
 t - a scroll of enchant armour
 v - 13 scrolls of fear
 x - 5 scrolls of revelation
 C - 10 scrolls of immolation
 E - 11 scrolls of fog
 O - 15 scrolls of enchant weapon
Potions
 a - 2 potions of cancellation
 f - 9 potions of attraction
 h - 8 potions of resistance
 i - 18 potions of curing
 k - 5 potions of haste
 m - 17 potions of brilliance
 p - 4 potions of magic
 H - 14 potions of mutation
 K - 11 potions of enlightenment
 P - 12 potions of ambrosia
 Q - 6 potions of heal wounds
 T - 9 potions of lignification
 V - 4 potions of berserk rage
 X - 8 potions of might


   Skills:
 - Level 22.0 Fighting
 - Level 23.0 Axes
 - Level 18.0 Armour
 + Level 19.9 Shields
 - Level 16.0 Invocations
 - Level 15.0 Shapeshifting


You had 24 spell levels left.
You didn't know any spells.
Your spell library contained the following spells:

 Spells                   Type           Power      Damage    Failure   Level
 Foxfire                  Conj/Fire      0%         2x1d4     34%         1
 Freeze                   Ice            0%         1d3       34%         1
 Kiss of Death            Conj/Necr      0%         2d5       34%         1
 Sandblast                Erth           0%         2d4       34%         1
 Shock                    Conj/Air       0%         1d3       34%         1
 Slow                     Hex            0%         N/A       34%         1
 Blink                    Tloc           0%         N/A       47%         2
 Cigotuvi's Dreadful Rot  Necr/Pois/Air  0%         N/A       47%         2
 Ensorcelled Hibernation  Hex/Ice        0%         N/A       47%         2
 Passwall                 Tmut/Erth      0%         N/A       47%         2
 Scorch                   Fire           0%         2d5       47%         2
 Searing Ray              Conj           0%         2d4       47%         2
 Wereblood                Tmut           0%         N/A       47%         2
 Confusing Touch          Hex            0%         N/A       71%         3
 Dazzling Flash           Conj/Hex       0%         N/A       71%         3
 Frozen Ramparts          Ice            0%         1d1       71%         3
 Hailstorm                Conj/Ice       0%         3d3       71%         3
 Inner Flame              Hex/Fire       0%         N/A       71%         3
 Ozocubu's Armour         Ice            0%         N/A       71%         3
 Portal Projectile        Hex/Tloc       0%         N/A       71%         3
 Swiftness                Air            0%         N/A       71%         3
 Vampiric Draining        Necr           0%         2d6       71%         3
 Vhi's Electric Charge    Tloc/Air       0%         N/A       71%         3
 Airstrike                Air            0%         2d(0-16)  98%         4
 Anguish                  Hex/Necr       0%         N/A       98%         4
 Cause Fear               Hex            0%         N/A       98%         4
 Dispel Undead            Necr           0%         3d6       98%         4
 Flame Wave               Conj/Fire      0%         2d4       98%         4
 Leda's Liquefaction      Hex/Erth       0%         N/A       98%         4
 Manifold Assault         Tloc           0%         N/A       98%         4
 Olgreb's Toxic Radiance  Pois           0%         N/A       98%         4
 Passage of Golubria      Tloc           0%         N/A       98%         4
 Petrify                  Tmut/Erth      0%         N/A       98%         4
 Sticky Flame             Conj/Fire      0%         2d3       98%         4
 Agony                    Necr           0%         N/A       100%        5
 Alistair's Intoxication  Tmut/Pois      0%         N/A       100%        5
 Arcjolt                  Conj/Air       0%         1d10      100%        5
 Borgnjor's Vile Clutch   Necr/Erth      0%         N/A       100%        5
 Fireball                 Conj/Fire      0%         3d3       100%        5
 Irradiate                Conj/Tmut      0%         3d11      100%        5
 Iskenderun's Battlesphe  Conj           0%         2d6       100%        5
 Lee's Rapid Deconstruct  Erth           0%         3d4*      100%        5
 Metabolic Englaciation   Hex/Ice        0%         N/A       100%        5
 Silence                  Hex/Air        0%         N/A       100%        5
 Yara's Violent Unravell  Hex/Tmut       0%         3d3       100%        5
 Conjure Ball Lightning   Conj/Air       0%         3x3d6     100%        6
 Eringya's Noxious Bog    Tmut/Pois      0%         4d6       100%        6
 Leda's Unmaking          Conj/Erth      0%         9d1       100%        6
 Plasma Beam              Fire/Air       0%         2x1d10    100%        6
 Starburst                Conj/Fire      0%         6d3       100%        6
 Enfeeble                 Hex            0%         N/A       100%        7
 Orb of Destruction       Conj           0%         9d5       100%        7
 Ozocubu's Refrigeration  Ice            0%         4d7       100%        7
 Discord                  Hex            0%         N/A       100%        8
 Ignition                 Fire           0%         3d3       100%        8
 Sublimation of Blood     Necr           Unusable   N/A       N/A         2
 Summon Guardian Golem    Hex/Summ       Unusable   N/A       N/A         3
 Tukima's Dance           Hex            Unusable   N/A       N/A         3
 Animate Armour           Summ/Erth      Unusable   N/A       N/A         4
 Animate Dead             Necr           Unusable   N/A       N/A         4
 Summon Ice Beast         Ice/Summ       Unusable   N/A       N/A         4
 Summon Lightning Spire   Summ/Air       Unusable   N/A       N/A         4
 Death Channel            Necr           Unusable   N/A       N/A         6
 Simulacrum               Ice/Necr       Unusable   N/A       N/A         6
 Summon Cactus Giant      Summ           Unusable   N/A       N/A         6
 Malign Gateway           Summ/Tloc      Unusable   N/A       N/A         7
 Spellforged Servitor     Conj/Summ      Unusable   N/A       N/A         7
 Summon Hydra             Summ           Unusable   N/A       N/A         7

Dungeon Overview and Level Annotations

Branches:
Dungeon (15/15)            Temple (1/1) D:7            Lair (5/5) D:11
 Shoals (4/4) Lair:2        Snake (4/4) Lair:2        Slime (5/5) Lair:4
    Orc (2/2) D:11            Elf (3/3) Orc:2        Vaults (5/5) D:14
  Crypt (3/3) Vaults:2       Tomb (0/3) Crypt:3      Depths (4/4) D:15
    Zot (0/5) Depths:4     Bailey (visited)           IceCv (visited)

Altars:
Ashenzari
Cheibriados
Dithmenos
Elyvilon
Fedhas
Gozag
Hepliaklqana
Kikubaaqudgha
Makhleb
Nemelex Xobeh
Okawaru
Qazlal
Ru
Sif Muna
Trog
Uskayaw
Vehumet
Wu Jian
Xom
Yredelemnul
Zin
The Shining One

Shops:
D:2 !   D:4 (   D:13 [   D:15 (   Orc:2 :?![   Elf:2 (*   Elf:3 ?   Shoals:1 [(
Snake:4 =:   Vaults:2 (   Vaults:3 :   Vaults:4 (   Depths:2 ?

Portals:
Hell: Depths:1 Depths:3 Depths:4
Abyss: D:12 Depths:1 Depths:2 Depths:3 Depths:4
Pandemonium: Depths:1 Depths:2 Depths:4

Annotations:
D:12 2 transporters, kickassninja's ghost, journeyman DECj
D:15 2 transporters, Mango's ghost, adept DrBe


Innate Abilities, Weirdness & Mutations

You are a living statue of rough stone.
Your actions are slow, but your melee attacks are powerful.
You are resistant to unholy torment.
Your maximum health is greatly increased.
Your equipment is partially melded.
You are immune to poison.
(You are completely covered in rugged brown scales. (AC +3, +7% HP))
Armour fits poorly on your strangely shaped body.
You have a long armoured tail.
You roll when moving toward enemies. (Rampage)
Your long tongue fully drains potion bottles. (2x potion effects)
Your tongue gives you trouble enunciating. (1.5x scroll delay)
You have sharp toenails.
Your mind is acute. (Int +4, Str/Dex -1)
Your magical capacity is low. (-10% MP)


Message History

The death scarab bites you but does no damage.
The death scarab bites you.
* * * LOW HITPOINT WARNING * * *
The death scarab drains your vigour!
You feel as though you will be slow longer.
The royal mummy hits you but does no damage.
The death scarab barely misses you. You block the death scarab's attack.
The mummy priest calls on the powers of darkness!
Your body is wracked with pain!
* * * LOW HITPOINT WARNING * * *
The bennu convulses!
The death scarab barely misses you. The death scarab bites you!
* * * LOW HITPOINT WARNING * * *
The royal mummy hits you.
* * * LOW HITPOINT WARNING * * *
Are you sure you want to leave this ziggurat?
You block the death scarab's attack. x3
The death scarab bites you but does no damage.
The death scarab bites you!
* * * LOW HITPOINT WARNING * * *
The death scarab drains your vigour!
You feel as though you will be slow longer.
The death scarab bites you!
* * * LOW HITPOINT WARNING * * *
The death scarab drains your vigour!
You feel as though you will be slow longer.
The death scarab bites you but does no damage. x4
The death scarab completely misses you.
The death scarab bites you but does no damage.
You block the death scarab's attack. The death scarab barely misses you.
The death scarab bites you but does no damage.
The bennu closely misses you. The bennu claws you!
* * * LOW HITPOINT WARNING * * *
The bennu claws you but does no damage. The death scarab closely misses you.
You block the death scarab's attack.
The royal mummy hits you but does no damage.
You block the death scarab's attack. The death scarab bites you.
* * * LOW HITPOINT WARNING * * *
The bennu pecks you but does no damage. The bennu claws you!
You die...

▓▓▓▓▓.▓▓▓▓▓
▓▓.........▓▓
▓▓...........▓▓
▓▓.............▓▓
▓...............▓
▓.....B.........▓
▓▓...........BMM[▓▓
▓..∩.........zBBM4▓
▓▓..........MMB8B▓
▓...........MbBB▓
▓............B9.▓
▓▓.............▓▓
▓▓...........▓▓
▓▓.........▓▓
▓▓▓▓▓.▓▓▓▓▓ ▓▓


You could see a royal mummy, a bennu, 3 mummy priests, a guardian mummy, an
ushabti, a rust devil (summoned), 8 death scarabs, a flying skull and a mummy.

Vanquished Creatures
  the Royal Jelly (Slime:5)
  Dissolution (Slime:2)
  A dread lich (Vaults:5)
  Mennas (Vaults:3)
  2 juggernauts
  Vashnia (Snake:4)
  Bai Suzhen (Vaults:2)
  6 caustic shrikes
  A profane servitor (Crypt:3)
  Nikola (Elf:3)
  Jory (Vaults:3)
  3 golden dragons
  A bone dragon (Crypt:3)
  A hellephant (Zig:6)
  11 tentacled monstrosities
  Jorgrun (Snake:2)
  A walking crystal tome (Depths:3)
  4 quicksilver dragons
  5 titans
  A walking frostbound tome (Depths:2)
  2 deep elf master archers
  3 deep elf blademasters
  4 liches
  7 ancient champions
  18 acid blobs
  Gastronok (Lair:1)
  10 sphinxes
  Agnes (Snake:3)
  Frances (Shoals:2)
  8 shadow dragons
  5 tengu reavers
  2 storm dragons
  Roxanne (D:15)
  Kirke (Snake:1)
  Aizul (Shoals:1)
  2 revenants (Crypt:3)
  Donald (Shoals:2)
  4 nagarajas
  8 azure jellies
  Ilsuiw (Shoals:2)
  12 frost giants
  12 rockslimes
  17 vault wardens
  4 fire giants
  6 deep elf sorcerers
  A draconian knight (Depths:4)
  Louise (Arena)
  2 iron dragons (Vaults:5)
  6 orc warlords
  A curse skull (Crypt:1)
  16 ironbound preservers
  6 deep elf elementalists (Elf:3)
  A reaper (Crypt:2)
  12 stone giants
  6 formless jellyfish
  4 spriggan defenders
  5 ghouls
  3 war gargoyles
  22 very ugly things
  A caustic shrike skeleton (Depths:4)
  7 quicksilver oozes
  An elemental wellspring (Shoals:1)
  Nessos (Orc:2)
  5 ironbound thunderhulks
  12 vampire knights
  A formless jellyfish (shapeshifter) (Depths:3)
  12 deep elf annihilators
  4 deep elf demonologists
  A bennu (Zig:7)
  Azrael (D:14)
  6 dire elephants
  2 bunyips (Zig:5)
  A lorocyproca (Depths:1)
  3 eidola
  13 spark wasps
  7 deep elf death magi
  Snorg (Orc:2)
  14 ettins
  2 crystal guardians
  A mummy priest (Zig:7)
  7 merfolk javelineers
  A spriggan zombie (Crypt:3)
  5 entropy weavers
  21 great orbs of eyes
  9 jiangshi
  10 merfolk impalers
  6 deep elf high priests
  7 rakshasas
  11 yaktaur captains
  3 salamander tyrants (Snake:4)
  7 fire dragons
  12 ice dragons
  35 vault guards
  7 hydras
  2 peacekeepers
  8 boulder beetles
  3 ogre magi
  5 spriggan air magi
  2 catoblepae
  7 centaur warriors
  5 ironbound frosthearts
  15 anacondas
  6 tengu warriors
  6 death knights
  2 alligator snapping turtles
  9 merfolk aquamancers
  2 satyrs (Shoals:3)
  14 two-headed ogres
  3 deep troll shamans (Depths:2)
  12 naga warriors
  An alligator snapping turtle (shapeshifter) (Depths:4)
  4 death yaks (Lair:4)
  A titan zombie (Crypt:2)
  7 deep troll earth magi
  Urug (D:13)
  2 quicksilver ooze zombies (Crypt:2)
  29 dancing weapons
  13 vampire magi
  6 orc high priests
  6 shock serpents
  3 soul eaters
  22 deep elf knights
  9 naga sharpshooters
  4 spriggan berserkers
  A wretched star (Zig:2)
  5 hell knights (Depths:4)
  A sun demon (Depths:1)
  Sonja (Lair:4)
  2 skysharks (shapeshifter)
  2 iron trolls
  8 sea snakes
  2 shadow wraiths (Crypt:3)
  2 skysharks
  5 salamander mystics
  29 skeletal warriors
  A deep troll (shapeshifter) (D:15)
  2 death drakes (Zig:3)
  8 wizards
  A tengu zombie (Vaults:4)
  A swamp dragon (shapeshifter) (Vaults:5)
  40 deep trolls
  14 naga ritualists
  5 flayed ghosts
  8 lindwurms (Vaults:1)
  11 deep elf archers
  A bunyip skeleton (Crypt:2)
  35 deep elf pyromancers
  A sphinx zombie (Crypt:1)
  3 bog bodies
  17 ironbound convokers
  5 necromancers
  A lindwurm (shapeshifter) (Vaults:5)
  4 glowing orange brains
  19 phantasmal warriors
  29 orc knights
  10 mana vipers
  22 harpies
  An oklob plant (Lair:1)
  8 orc sorcerers
  A wolf spider (Lair:5)
  11 salamanders
  A broodmother zombie (Crypt:1)
  33 ugly things
  An eleionoma zombie (Crypt:1)
  A cyclops (shapeshifter) (Vaults:5)
  6 fauns (Shoals:3)
  29 deep elf zephyrmancers
  7 cyclopes
  6 elephants (Lair:2)
  A shining eye (shapeshifter) (Vaults:5)
  13 manticores
  6 shining eyes
  An eleionoma skeleton (Crypt:2)
  A dire elephant zombie (Crypt:3)
  48 black mambas
  10 water nymphs
  16 vault sentinels
  A centaur zombie (Crypt:2)
  Joseph (D:8)
  A black mamba (shapeshifter) (Depths:4)
  A stone giant skeleton (Crypt:2)
  12 naga magi
  A rust devil (Depths:2)
  6 guardian serpents
  A titan simulacrum (Crypt:2)
  2 eyes of devastation
  2 ice statues (IceCv)
  4 merfolk sirens
  A torpor snail (shapeshifter) (Depths:4)
  A smoke demon (Depths:2)
  An unseen horror (D:11)
  A minotaur zombie (Crypt:3)
  3 orange demons
  2 gargoyles (D:11)
  22 cane toads
  A kobold demonologist (D:10)
  Psyche (D:12)
  43 yaktaurs
  8 freezing wraiths
  14 komodo dragons
  A steelbarb worm zombie (Crypt:2)
  An anaconda simulacrum (IceCv)
  3 komodo dragons (shapeshifter)
  3 tengu conjurers
  A guardian mummy (Zig:7)
  A harpy zombie (Crypt:3)
  An ancient zyme (Zig:2)
  7 ice devils (IceCv)
  A tormentor (Depths:2)
  A sea snake skeleton (Crypt:2)
  A red devil (Depths:2)
  A queen bee (D:10)
  A merfolk (shapeshifter) (Vaults:5)
  A hydra zombie (Crypt:1)
  44 merfolk
  A queen bee (shapeshifter) (D:14)
  A meliai (shapeshifter) (D:15)
  2 trolls
  10 wind drakes
  4 polar bears
  6 hornets
  Prince Ribbit (Bailey)
  2 dream sheep (shapeshifter)
  2 blink frogs (Lair:2)
  2 ice dragon zombies
  17 dream sheep
  A shadow (D:11)
  4 snapping turtles
  A ynoxinul (Depths:2)
  7 air elementals
  2 spriggans (Depths:2)
  A culicivora (shapeshifter) (Vaults:5)
  17 flying skulls
  65 slime creatures
  3 centaur simulacra
  9 wraiths
  2 dire elephant simulacra (IceCv)
  30 water elementals
  45 yaks
  5 vampires (Crypt:3)
  14 wyverns
  An ettin skeleton (Crypt:3)
  5 starcursed masses (Zig:2)
  4 hogs (Snake:1)
  4 basilisks
  A fire bat (shapeshifter) (D:14)
  5 fire elementals
  8 humans
  Grum (D:8)
  5 redbacks
  2 steam dragons
  2 neqoxecs
  2 vampire mosquitoes (D:12)
  2 chaos spawn
  6 harpy simulacra (IceCv)
  3 acid dragons (D:12)
  2 wargs
  A naga (shapeshifter) (Elf:3)
  A faun zombie (Crypt:3)
  44 nagas
  A hydra simulacrum (IceCv)
  23 water moccasins
  An ogre skeleton (Vaults:4)
  2 hell hounds (D:14)
  3 floating eyes
  A fire bat skeleton (Crypt:1)
  2 naga skeletons
  27 orc warriors
  A cane toad skeleton (Crypt:3)
  2 swamp drakes (Zig:3)
  A black bear (D:6)
  2 sky beasts
  A human zombie (Vaults:4)
  8 ogres
  10 wolves
  6 boggarts
  7 centaurs
  A lindwurm skeleton (Crypt:1)
  A hog zombie (Crypt:3)
  Blork the orc (D:4)
  2 kobold brigands (D:8)
  18 bullfrogs
  A necrophage (Crypt:2)
  2 scorpions
  An ogre simulacrum (Vaults:4)
  2 earth elementals
  An elf skeleton (Crypt:2)
  A two-headed ogre simulacrum (IceCv)
  An elephant simulacrum (IceCv)
  24 killer bees
  7 electric eels
  A polar bear skeleton (Crypt:3)
  5 jellies
  5 hounds
  Crazy Yiuf (D:3)
  21 orc priests
  2 gnoll boudas
  24 orc wizards
  3 iguanas
  A boggart zombie (Crypt:2)
  Terence (D:2)
  6 hell rats (Lair:3)
  A howler monkey zombie (Crypt:3)
  Robin (D:3)
  9 gnolls
  8 adders
  A river rat (Lair:2)
  A naga simulacrum (IceCv)
  A swamp drake skeleton (Crypt:1)
  2 shadow imps
  3 white imps
  2 ufetubi
  A lava snake skeleton (Crypt:3)
  6 worms
  6 dart slugs
  85 orcs
  5 ball pythons
  5 bats
  9 endoplasms
  5 giant cockroaches
  16 hobgoblins
  7 jackals
  3 quokkas
  An endoplasm zombie (Crypt:1)
  3 frilled lizards
  16 goblins
  A goblin skeleton (Crypt:1)
  A hobgoblin skeleton (Crypt:1)
  16 kobolds
  A quokka skeleton (Crypt:2)
  11 rats
  A spectral weapon (Vaults:2)
2216 creatures vanquished.

Vanquished Creatures (others)
  An orc sorcerer (Zig:4)
  A mana viper (Snake:4)
  A deep elf zephyrmancer (Elf:3)
  A water elemental (Elf:3)
  An air elemental (Elf:2)
  An orc priest (Orc:2)
6 creatures vanquished.

Grand Total: 2222 creatures vanquished

Notes
Turn   | Place    | Note
-------+----------+-------------------------------------------
     0 | D:1      | PurpleRed the Armataur Fighter began the quest for the Orb.
     0 | D:1      | Reached XP level 1. HP: 19/19 MP: 1/1
   223 | D:1      | Reached skill level 2 in Axes
   223 | D:1      | Reached XP level 2. HP: 22/26 MP: 2/2
   401 | D:1      | Found a faded altar of an unknown god.
   680 | D:2      | Found Xotiolo's Distillery.
   685 | D:2      | Reached XP level 3. HP: 29/33 MP: 3/3
   834 | D:2      | Bought a potion of curing for 42 gold pieces
   971 | D:2      | Noticed Terence
   977 | D:2      | Killed Terence
   978 | D:2      | Reached XP level 4. HP: 18/40 MP: 4/4
  1074 | D:2      | Got the Quarto of Sophism
  1272 | D:3      | Noticed an earth elemental
  1272 | D:3      | Found a stormy altar of Qazlal.
  1294 | D:3      | Reached skill level 3 in Axes
  1348 | D:3      | Noticed an air elemental
  1362 | D:3      | Noticed a fire elemental
  1395 | D:3      | Identified the +3 quarterstaff of Descent {flame, +Blink
                  | rPois Will- Dex+4}
  1538 | D:3      | Noticed a water elemental
  1740 | D:3      | Noticed Robin
  1749 | D:3      | Killed Robin
  1751 | D:3      | Reached XP level 5. HP: 48/48 MP: 5/5
  1841 | D:3      | Found a runed translucent door.
  1842 | D:3      | Noticed Crazy Yiuf
  1849 | D:3      | Killed Crazy Yiuf
  2112 | D:4      | Found Tuginwil's Weapon Shop.
  2131 | D:4      | Found a sacrificial altar of Ru.
  2157 | D:4      | Reached skill level 5 in Armour
  2288 | D:4      | Noticed an ogre
  2302 | D:4      | Killed an ogre
  2303 | D:4      | Reached skill level 4 in Axes
  2303 | D:4      | Reached XP level 6. HP: 46/55 MP: 6/6
  2375 | D:4      | Noticed Blork the orc
  2389 | D:4      | Killed Blork the orc
  2734 | D:4      | Found a sparkling altar of Nemelex Xobeh.
  3065 | D:5      | Entered Level 5 of the Dungeon
  3144 | D:5      | Reached XP level 7. HP: 63/63 MP: 7/7
  3591 | D:5      | Reached skill level 5 in Axes
  4529 | D:6      | Reached XP level 8. HP: 69/71 MP: 8/8
  4533 | D:6      | Reached skill level 5 in Fighting
  4570 | D:6      | Reached skill level 6 in Axes
  4689 | D:6      | Found a burning altar of Makhleb.
  5188 | D:7      | Reached skill level 7 in Axes
  5225 | D:7      | Found a staircase to the Ecumenical Temple.
  5233 | Temple   | Entered the Ecumenical Temple
  5248 | Temple   | Became a worshipper of Warmaster Okawaru
  5273 | D:7      | Reached XP level 9. HP: 21/80 MP: 9/9
  5358 | D:7      | Found a flagged portal.
  5373 | Bailey   | Entered a bailey
  5493 | Bailey   | Reached * piety under Okawaru
  5502 | Bailey   | Reached skill level 8 in Axes
  5782 | Bailey   | Noticed Prince Ribbit
  5782 | Bailey   | Noticed a vault guard
  5806 | Bailey   | Killed a vault guard
  5806 | Bailey   | Reached ** piety under Okawaru
  5806 | Bailey   | Killed Prince Ribbit
  5807 | Bailey   | Reached skill level 9 in Axes
  5855 | Bailey   | Noticed a vault guard
  5863 | Bailey   | Killed a vault guard
  5863 | Bailey   | Reached *** piety under Okawaru
  5864 | Bailey   | Reached XP level 10. HP: 81/92 MP: 9/12
  6250 | D:8      | Noticed Grum
  6319 | D:8      | Killed Grum
  6498 | D:8      | Noticed Joseph
  6522 | D:8      | Killed Joseph
  6693 | D:8      | Reached skill level 5 in Invocations
  6741 | D:8      | Found a blossoming altar of Fedhas.
  6744 | D:8      | Found an ancient bone altar of Kikubaaqudgha.
  6840 | D:8      | Reached skill level 10 in Axes
  6843 | D:8      | Reached **** piety under Okawaru
  7929 | D:9      | Noticed a two-headed ogre
  7945 | D:9      | HP: 3/96 [two-headed ogre/+0 giant club (17)]
  7947 | D:9      | Killed a two-headed ogre
  7947 | D:9      | Received a gift from Okawaru
  7948 | D:9      | Reached XP level 11. HP: 3/101 MP: 12/14
  8531 | D:10     | Entered Level 10 of the Dungeon
  8557 | D:10     | Found a broken altar of Ashenzari.
  8626 | D:10     | Noticed a two-headed ogre
  8634 | D:10     | Killed a two-headed ogre
  8912 | D:10     | Reached skill level 11 in Axes
  8991 | D:10     | Found a faded altar of an unknown god.
  8991 | D:10     | Found a shadowy altar of Dithmenos.
  8998 | D:10     | Found a radiant altar of Vehumet.
  9000 | D:10     | Found a shimmering blue altar of Sif Muna.
  9002 | D:10     | Found a faded altar of an unknown god.
  9525 | D:11     | Noticed a white ugly thing
  9534 | D:11     | Killed a white ugly thing
  9562 | D:11     | Noticed an orc knight
  9582 | D:11     | Killed an orc knight
  9701 | D:11     | Found a frozen archway.
  9710 | IceCv    | Entered an ice cave
 10273 | IceCv    | Reached ***** piety under Okawaru
 10274 | IceCv    | Reached skill level 12 in Axes
 10587 | IceCv    | Received a gift from Okawaru
 10832 | IceCv    | Reached skill level 10 in Fighting
 11424 | IceCv    | Noticed a necromancer
 11425 | IceCv    | Noticed a bog body
 11436 | IceCv    | Killed a necromancer
 11437 | IceCv    | Reached XP level 12. HP: 113/113 MP: 13/15
 11721 | D:11     | Found a staircase to the Lair.
 11805 | D:11     | Received a gift from Okawaru
 11905 | D:11     | Found a staircase to the Orcish Mines.
 12158 | D:11     | Noticed a two-headed ogre
 12163 | D:11     | Killed a two-headed ogre
 12205 | D:11     | Reached skill level 13 in Axes
 12282 | D:11     | Found an opulent altar of Gozag.
 12282 | D:11     | Found Gozag's Platinum Reserve.
 12428 | D:12     | Noticed a boulder beetle
 12438 | D:12     | Killed a boulder beetle
 12531 | D:12     | Noticed Psyche
 12551 | D:12     | Killed Psyche
 12698 | D:12     | Noticed a boulder beetle
 12809 | D:12     | Killed a boulder beetle
 13098 | D:12     | Noticed a two-headed ogre
 13100 | D:12     | Killed a two-headed ogre
 13178 | D:12     | Noticed a two-headed ogre
 13203 | D:12     | Killed a two-headed ogre
 13651 | D:12     | Found a transporter.
 13657 | D:12     | Found a one-way gate to the infinite horrors of the Abyss.
 13657 | D:12     | Noticed kickassninja's ghost (journeyman DECj)
 13687 | D:12     | Found a transporter.
 13688 | D:12     | Noticed a hell hog
 14323 | D:2      | Bought a potion of might for 56 gold pieces
 14323 | D:2      | Bought a potion of might for 56 gold pieces
 14486 | Lair:1   | Entered Level 1 of the Lair of Beasts
 14501 | Lair:1   | Identified the +0 scale mail "Boucas" {rF+ Int+2}
 14550 | Lair:1   | Reached ****** piety under Okawaru
 14563 | Lair:1   | Received a gift from Okawaru
 14821 | Lair:1   | Reached XP level 13. HP: 123/124 MP: 18/18
 14824 | Lair:1   | Reached skill level 14 in Axes
 14932 | Lair:1   | Noticed Gastronok
 14940 | Lair:1   | Killed Gastronok
 16414 | Lair:2   | Found a staircase to the Shoals.
 16440 | Lair:2   | Received a gift from Okawaru
 16604 | Lair:2   | Found a staircase to the Snake Pit.
 17697 | Lair:3   | Reached skill level 15 in Axes
 18052 | Lair:3   | Identified the +1 buckler of Hugojaoc {rPois rCorr Int+2
                  | Dex+2} (Okawaru gifted it to you on level 3 of the Lair of
                  | Beasts)
 18052 | Lair:3   | Received a gift from Okawaru
 18540 | Lair:4   | HP: 6/127 [wyvern (3)]
 18990 | Lair:4   | Noticed Sonja
 18996 | Lair:4   | Killed Sonja
 19056 | Lair:4   | Found a staircase to the Slime Pits.
 19517 | Lair:4   | Reached XP level 14. HP: 135/135 MP: 19/19
 19769 | Lair:5   | Entered Level 5 of the Lair of Beasts
 20303 | Lair:5   | Reached skill level 16 in Axes
 21210 | Lair:5   | Identified the +8 hand axe of the Genius {pain, rElec}
                  | (Okawaru gifted it to you on level 5 of the Lair of Beasts)
 21210 | Lair:5   | Received a gift from Okawaru
 22078 | Lair:5   | Paralysed by a hornet for 1 turns
 22578 | Orc:1    | Entered Level 1 of the Orcish Mines
 23055 | Orc:1    | Found a radiant altar of Vehumet.
 23087 | Orc:2    | Entered Level 2 of the Orcish Mines
 23155 | Orc:2    | Noticed Nessos
 23168 | Orc:2    | Killed Nessos
 23329 | Orc:2    | Found a staircase to the Elven Halls.
 23655 | Orc:2    | Reached skill level 17 in Axes
 23659 | Orc:2    | Noticed Snorg
 23673 | Orc:2    | Killed Snorg
 23726 | Orc:2    | Paralysed by an orc sorcerer for 4 turns
 23750 | Orc:1    | Found a shimmering blue altar of Sif Muna.
 24058 | Orc:1    | Identified the +4 barding of Aqov {rPois rC+ Dex-5 Slay+5}
                  | (Okawaru gifted it to you on level 1 of the Orcish Mines)
 24058 | Orc:1    | Received a gift from Okawaru
 24391 | Orc:2    | Found Ykaival's Magic Scroll Emporium.
 24391 | Orc:2    | Found Eggirinnam's Book Boutique.
 24393 | Orc:2    | Found Resock's Armour Emporium.
 24393 | Orc:2    | Found Rebu's Distillery.
 24403 | Orc:2    | Bought a potion of curing for 51 gold pieces
 24403 | Orc:2    | Bought a potion of heal wounds for 85 gold pieces
 24403 | Orc:2    | Bought a potion of haste for 170 gold pieces
 24403 | Orc:2    | Bought a potion of degeneration for 17 gold pieces
 24408 | Orc:2    | Bought a manual of Axes for 1040 gold pieces
 24674 | D:13     | Noticed Urug
 24681 | D:13     | Killed Urug
 24724 | D:13     | Reached XP level 15. HP: 146/146 MP: 20/20
 24746 | D:13     | Found a blossoming altar of Fedhas.
 25244 | D:13     | Found Riruitet's Antique Armour Shop.
 25893 | D:14     | Noticed Azrael
 25904 | D:14     | Killed Azrael
 26943 | D:14     | Found a gate to the Vaults.
 26997 | D:15     | Entered Level 15 of the Dungeon
 27118 | D:15     | Reached skill level 10 in Armour
 27140 | D:15     | Found a staircase to the Depths.
 27154 | D:15     | Received a gift from Okawaru
 27290 | D:15     | Reached skill level 18 in Axes
 27624 | D:15     | Found the +3 giant club "Skullcrusher" {speed, Str+7}
 27913 | D:15     | Noticed Roxanne
 27933 | D:15     | Killed Roxanne
 27934 | D:15     | Reached XP level 16. HP: 154/157 MP: 23/23
 28196 | D:15     | Found Sangir's Antique Weapon Shop.
 28227 | D:15     | Paralysed by something for 2 turns
 28307 | D:15     | Found a transporter.
 28396 | D:15     | Noticed Mango's ghost (adept DrBe)
 28497 | D:15     | Found a transporter.
 28533 | D:15     | Upgraded the game from 0.31-a0-345-g1ebeae0 to
                  | 0.31-a0-351-g653cfed
 28711 | Snake:1  | Entered Level 1 of the Snake Pit
 28989 | Snake:1  | Reached skill level 15 in Fighting
 29047 | Snake:1  | Received a gift from Okawaru
 29179 | Snake:1  | Reached skill level 10 in Invocations
 29315 | Snake:1  | Noticed Kirke
 29364 | Snake:1  | Noticed a sphinx
 29373 | Snake:1  | Killed Kirke
 29648 | Snake:1  | Reached skill level 19 in Axes
 29882 | Snake:1  | Identified the +0 ring mail "Amubomin" {rF++ Regen+}
                  | (Okawaru gifted it to you on level 1 of the Snake Pit)
 29882 | Snake:1  | Received a gift from Okawaru
 30321 | Snake:2  | Noticed Jorgrun
 30338 | Snake:2  | Killed Jorgrun
 30419 | Snake:2  | Identified the +3 leather armour "Fetoskoa" {Str+4}
 32019 | Snake:3  | Identified the +5 plate armour "Poumaan" {Regen+ SInv}
                  | (Okawaru gifted it to you on level 3 of the Snake Pit)
 32019 | Snake:3  | Received a gift from Okawaru
 32053 | Snake:3  | Identified the +4 leather armour of the Pure Forging Souls
                  | {+Blink +Inv Int+2}
 32071 | Snake:3  | Noticed Agnes
 32097 | Snake:3  | Reached XP level 17. HP: 107/169 MP: 24/24
 32100 | Snake:3  | Killed Agnes
 32101 | Snake:3  | Reached skill level 20 in Axes
 32634 | Snake:4  | Entered Level 4 of the Snake Pit
 32687 | Snake:4  | Noticed Vashnia
 32726 | Arena    | Entered the Arena
 32806 | Snake:4  | Found Benizaoq's Jewellery Emporium.
 32806 | Snake:4  | Found Hofuaxez's Book Shoppe.
 32871 | Snake:4  | Found Zisim's Vocational Training.
 32879 | Snake:4  | Bought a manual of Invocations for 960 gold pieces
 32886 | Snake:4  | Identified the +2 ring mail "Exutaid" {rN+}
 33019 | Snake:4  | Found a shimmering blue altar of Sif Muna.
 33075 | Snake:4  | Identified the +0 barding of Byna {rElec} (Okawaru gifted
                  | it to you on level 4 of the Snake Pit)
 33075 | Snake:4  | Received a gift from Okawaru
 33120 | Snake:4  | Killed Vashnia
 33466 | Snake:4  | Got a serpentine rune of Zot
 33640 | Snake:4  | Got Sif Muna's Parchment of the Gaseous Fifth Circle
 33994 | Elf:1    | Entered Level 1 of the Elven Halls
 34356 | Elf:1    | Got the Volume of Impulse
 34444 | Elf:1    | Paralysed by an air elemental for 1 turns
 34648 | Elf:1    | Received a gift from Okawaru
 34658 | Elf:1    | Paralysed by an air elemental for 1 turns
 34810 | Elf:1    | Reached XP level 18. HP: 154/181 MP: 27/27
 35099 | Elf:2    | Paralysed by an air elemental for 1 turns
 35103 | Elf:2    | Paralysed by an air elemental for 1 turns
 35112 | Elf:2    | Paralysed by an air elemental for 1 turns
 35116 | Elf:2    | Paralysed by an air elemental for 1 turns
 35121 | Elf:2    | Paralysed by an air elemental for 1 turns
 35127 | Elf:1    | Paralysed by an air elemental for 1 turns
 35132 | Elf:1    | Paralysed by an air elemental for 1 turns
 35137 | Elf:1    | Paralysed by an air elemental for 1 turns
 35195 | Elf:2    | Received a gift from Okawaru
 35289 | Elf:2    | Found Honemubb's General Store.
 35294 | Elf:2    | Found Uqimogh's Antique Weapon Shoppe.
 35825 | Elf:2    | Found a huge runed translucent gate.
 35825 | Elf:2    | Found a huge runed translucent gate.
 35825 | Elf:2    | Found a huge runed translucent gate.
 35825 | Elf:2    | Found a huge runed translucent gate.
 35827 | Elf:2    | Found a huge runed translucent gate.
 35964 | Elf:2    | Received a gift from Okawaru
 35964 | Elf:2    | Found the +8 mithril axe "Arga" {speed, Will+}
 36338 | Elf:3    | Entered Level 3 of the Elven Halls
 36343 | Elf:3    | Reached skill level 21 in Axes
 36494 | Elf:3    | Received a gift from Okawaru
 36588 | Elf:3    | Reached skill level 5 in Shields
 36671 | Elf:3    | Noticed Nikola
 36713 | Elf:3    | Killed Nikola
 36928 | Elf:3    | Reached XP level 19. HP: 119/191 MP: 29/29
 37016 | Elf:3    | Identified the +2 whip of the Silent Majority {holy, rN++}
 37026 | Elf:3    | Identified the +12 morningstar of Adverse Possession
                  | {flame, Dex+2}
 37029 | Elf:3    | Identified the +7 morningstar of Reinforcement {heavy,
                  | rC++}
 37062 | Elf:3    | Noticed Louise
 37077 | Arena    | Entered the Arena
 37092 | Arena    | Killed Louise
 37139 | Elf:3    | HP: 7/191 [deep elf annihilator/poison arrow (9)]
 37348 | Elf:3    | Identified a scroll of acquirement
 37353 | Elf:3    | Got the Directory of Amassed Bewitchment
 37390 | Elf:3    | Identified the staff of Darkness {rElec rF+ Dex+2 Fire}
 37394 | Elf:3    | Identified the +0 pair of gloves of Uskayaw's Respect
                  | {rElec Int-2 Dex+7 Stlth-}
 37412 | Elf:3    | Acquired the +3 Mad Mage's Maulers {Infuse+∞ VampMP -Cast}
 37412 | Elf:3    | Found the +3 Mad Mage's Maulers {Infuse+∞ VampMP -Cast}
 37428 | Elf:3    | Identified the staff of the Enchanting Whale {rF- Will++
                  | Conj}
 37790 | Elf:3    | Identified the +6 chain mail of the Flute {rPois Will+
                  | Stlth+} (Okawaru gifted it to you on level 3 of the Elven
                  | Halls)
 37790 | Elf:3    | Received a gift from Okawaru
 37933 | Elf:3    | Found Hewemos's Magic Scroll Emporium.
 37938 | Elf:3    | Bought a scroll of teleportation for 36 gold pieces
 37938 | Elf:3    | Bought a scroll of fog for 48 gold pieces
 38739 | Vaults:1 | Entered Level 1 of the Vaults
 38756 | Vaults:1 | Reached skill level 15 in Armour
 39188 | Vaults:1 | Reached skill level 15 in Invocations
 40667 | Vaults:1 | Identified the ring "Ixuiv" {Fly Str+4}
 40989 | Vaults:1 | Reached skill level 10 in Shields
 41232 | Vaults:1 | Identified the +2 barding of Good Intentions {rN++ rCorr}
                  | (Okawaru gifted it to you on level 1 of the Vaults)
 41232 | Vaults:1 | Received a gift from Okawaru
 41389 | Vaults:2 | Noticed Bai Suzhen
 41410 | Vaults:2 | Killed Bai Suzhen
 41949 | Vaults:2 | Found Muzior's Antique Weapon Boutique.
 43001 | Vaults:2 | Reached XP level 20. HP: 202/202 MP: 1/31
 43591 | Vaults:2 | Found a staircase to the Crypt.
 44404 | Vaults:3 | Noticed Mennas
 44418 | Vaults:3 | Killed Mennas
 44540 | Vaults:3 | Noticed Jory
 44551 | Vaults:3 | Killed Jory
 45020 | Vaults:3 | Identified the +10 executioner's axe "Zopoc" {elec, rCorr}
                  | (Okawaru gifted it to you on level 3 of the Vaults)
 45020 | Vaults:3 | Received a gift from Okawaru
 46862 | Vaults:3 | Received a gift from Okawaru
 47087 | Vaults:3 | Found a portal to a secret trove of treasure.
 47190 | Vaults:3 | You paid a toll of 6 scrolls of fog to enter a treasure
                  | trove
 47191 | Trove    | Entered a treasure trove
 47191 | Trove    | Found the +10 Black Knight's barding {ponderous, rPois rN+}
 47205 | Trove    | Identified the +1 barding of Honour {Dex+5}
 47222 | Trove    | Identified the +0 barding of Umuemoent {+Inv Slay+2 Stlth-}
 47242 | Trove    | Identified the +1 barding "Gaja" {rCorr}
 47406 | Vaults:3 | Found Vuaj's Book Emporium.
 47446 | Vaults:3 | Upgraded the game from 0.31-a0-351-g653cfed to
                  | 0.31-a0-354-g827e095
 47649 | Vaults:4 | Found Cano's Weapon Boutique.
 47808 | Vaults:4 | Reached skill level 22 in Axes
 48936 | Vaults:4 | Received a gift from Okawaru
 49699 | Vaults:4 | Reached XP level 21. HP: 201/214 MP: 1/32
 50357 | Vaults:5 | Entered Level 5 of the Vaults
 50602 | Vaults:5 | Identified the +5 tower shield of Mental Paralysis {Dex+4}
                  | (Okawaru gifted it to you on level 5 of the Vaults)
 50602 | Vaults:5 | Received a gift from Okawaru
 50613 | Vaults:5 | Noticed a dread lich
 50630 | Vaults:5 | Killed a dread lich
 50826 | Vaults:5 | Identified the +3 plate armour of Creativity {Rampage Fly}
 50873 | Vaults:5 | Found the +7 Spriggan's Knife {stab, EV+4 Stlth+}
 51031 | Vaults:5 | Identified the +0 barding "Tusec" {Int+3} (Okawaru gifted
                  | it to you on level 5 of the Vaults)
 51031 | Vaults:5 | Received a gift from Okawaru
 51171 | Vaults:5 | Identified the ring of the Delicate God {*Corrode rN+ EV+5
                  | Int+4}
 51416 | Vaults:5 | Got a silver rune of Zot
 51678 | Vaults:5 | Reached XP level 22. HP: 225/225 MP: 2/33
 52757 | Shoals:1 | Entered Level 1 of the Shoals
 52931 | Shoals:1 | Found Xumeghuk's Antique Armour Boutique.
 53065 | Shoals:1 | Bought the +2 shield of Resistance {rF++ rC++ Will++} for
                  | 2185 gold pieces
 53065 | Shoals:1 | Bought a bloodstained cloak for 294 gold pieces
 53065 | Shoals:1 | Identified the +2 cloak "Wukhliok" {Fly rF- SInv} (You
                  | bought it in a shop on level 1 of the Shoals)
 53065 | Shoals:1 | Found the +2 shield of Resistance {rF++ rC++ Will++}
 53087 | Shoals:1 | Noticed Aizul
 53101 | Shoals:1 | Killed Aizul
 53187 | Shoals:1 | Reached skill level 23 in Axes
 53187 | Shoals:1 | Reached skill level 1 in Shapeshifting
 53192 | Shoals:1 | Reached skill level 15 in Shields
 53507 | Shoals:1 | Found Enomavas's Weapon Boutique.
 54430 | Shoals:2 | Noticed Ilsuiw
 54461 | Shoals:2 | Killed Ilsuiw
 54739 | Shoals:2 | Noticed Frances
 54750 | Shoals:2 | Killed Frances
 55294 | Shoals:2 | Noticed Donald
 55299 | Shoals:2 | Killed Donald
 55496 | Shoals:2 | Identified the +3 chain mail "Loifyl" {Rampage Slay+2 SInv}
 55519 | Shoals:2 | Identified the +8 morningstar of Irghasoi {drain, Str+3}
 55773 | Shoals:2 | Identified the +2 pair of gloves of Okawaru's Generosity
                  | {rF+ rC- rN++} (Okawaru gifted it to you on level 2 of the
                  | Shoals)
 55773 | Shoals:2 | Received a gift from Okawaru
 58182 | Shoals:4 | Entered Level 4 of the Shoals
 58574 | Shoals:4 | Paralysed by an air elemental for 1 turns
 58628 | Shoals:4 | Paralysed by an air elemental for 1 turns
 58631 | Shoals:4 | Paralysed by an air elemental for 1 turns
 58648 | Shoals:4 | Paralysed by an air elemental for 1 turns
 58651 | Shoals:4 | Reached skill level 5 in Shapeshifting
 58922 | Shoals:4 | Got a barnacled rune of Zot
 58926 | Shoals:4 | Identified the amulet of Joeroos {Reflect Str+6 Int-5 SH+5}
 60156 | Depths:1 | Entered Level 1 of the Depths
 61285 | Depths:1 | Found a gateway to Hell.
 61383 | Depths:1 | Found a one-way gate leading to the halls of Pandemonium.
 61392 | Depths:1 | Received a gift from Okawaru
 61573 | Depths:1 | Found a radiant altar of Vehumet.
 62157 | Depths:2 | Found Barcheci's Magic Scroll Shoppe.
 62160 | Depths:2 | Bought a scroll of blinking for 112 gold pieces
 62168 | Depths:2 | Gained mutation: You occasionally lose the ability to drink
                  | potions when taking damage. [a neqoxec]
 62170 | Depths:2 | Noticed a golden dragon
 62183 | Depths:2 | Killed a golden dragon
 62200 | Depths:2 | Reached XP level 23. HP: 156/236 MP: 1/35
 62235 | Depths:2 | Identified the +3 scale mail "Deuttopu" {Will- Regen+ rCorr
                  | Slay-2} (Okawaru gifted it to you on level 2 of the Depths)
 62235 | Depths:2 | Received a gift from Okawaru
 62237 | Depths:2 | Noticed a juggernaut
 62255 | Depths:2 | Killed a juggernaut
 62971 | Depths:2 | Found a one-way gateway to a ziggurat.
 62973 | Depths:2 | Paralysed by a floating eye for 2 turns
 62979 | Depths:2 | Paralysed by a floating eye for 2 turns
 63978 | Depths:3 | You fall into a shaft and drop 1 floor!
 63978 | Depths:4 | Entered Level 4 of the Depths
 64497 | Depths:4 | Found a gate to the Realm of Zot.
 64502 | Depths:4 | Noticed a caustic shrike
 64515 | Depths:4 | Killed a caustic shrike
 64540 | Depths:4 | Reached skill level 10 in Shapeshifting
 65076 | Depths:3 | Noticed a caustic shrike
 65077 | Depths:3 | Noticed a caustic shrike
 65079 | Depths:3 | Killed a caustic shrike
 65096 | Depths:3 | Killed a caustic shrike
 65099 | Depths:3 | Received a gift from Okawaru
 65246 | Depths:3 | Identified the +1 battleaxe "Embalmer" {spect, *Rage
                  | *Corrode rC++ Dex+3}
 65264 | Depths:3 | Noticed a juggernaut
 65271 | Depths:3 | Killed a juggernaut
 65544 | Depths:3 | Noticed a caustic shrike
 65593 | Depths:3 | Killed a caustic shrike
 67306 | Depths:4 | Noticed a caustic shrike
 67319 | Depths:4 | Killed a caustic shrike
 67319 | Depths:4 | Identified the +5 hand axe "Puruplynt" {speed, rN+ Str-3
                  | Int+2 Dex+3} (Okawaru gifted it to you on level 4 of the
                  | Depths)
 67319 | Depths:4 | Received a gift from Okawaru
 67336 | Depths:4 | Reached XP level 24. HP: 245/247 MP: 0/35
 67353 | Depths:4 | Identified the ring "Deroq" {rF+ Str+3}
 67762 | Depths:4 | Identified the amulet of Kothel {Acrobat Will+++ MP+9}
 68318 | Depths:4 | Identified the +0 robe "Vasis" {Harm}
 69173 | Depths:4 | Identified the +1 plate armour of the City {Int+3} (Okawaru
                  | gifted it to you on level 4 of the Depths)
 69173 | Depths:4 | Received a gift from Okawaru
 70272 | Slime:1  | Entered Level 1 of the Pits of Slime
 70439 | Slime:2  | Noticed Dissolution
 70448 | Slime:2  | Gained mutation: You occasionally shout uncontrollably at
                  | your foes. [a shining eye]
 70452 | Slime:2  | Killed Dissolution
 70848 | Slime:4  | Paralysed by a formless jellyfish for 1 turns
 71177 | Slime:5  | Entered Level 5 of the Pits of Slime
 71331 | Slime:5  | Noticed the Royal Jelly
 71350 | Slime:5  | Killed the Royal Jelly
 71351 | Slime:5  | Reached skill level 15 in Shapeshifting
 71382 | Slime:5  | Gained mutation: Your body sometimes deteriorates upon
                  | taking damage. [a shining eye]
 71384 | Slime:5  | Gained mutation: You are vulnerable to heat. (rF-) [a
                  | shining eye]
 71540 | Slime:5  | Lost mutation: You occasionally shout uncontrollably at
                  | your foes. [potion of mutation]
 71540 | Slime:5  | Lost mutation: Your body sometimes deteriorates upon taking
                  | damage. [potion of mutation]
 71540 | Slime:5  | Lost mutation: You are vulnerable to heat. (rF-) [potion of
                  | mutation]
 71540 | Slime:5  | Lost mutation: You occasionally lose the ability to drink
                  | potions when taking damage. [potion of mutation]
 71540 | Slime:5  | Gained mutation: You have sharp toenails. [potion of
                  | mutation]
 71540 | Slime:5  | Gained mutation: Your magical capacity is low. (-10% MP)
                  | [potion of mutation]
 71540 | Slime:5  | Gained mutation: Your mind is acute. (Int +4, Str/Dex -1)
                  | [potion of mutation]
 71568 | Slime:5  | Identified the +8 dire flail of Lehaj {freeze, rElec Str+2}
 71580 | Slime:5  | Identified the +0 robe of Vulira {Fly}
 71620 | Slime:5  | Got the Secrets of the Fairies
 71625 | Slime:5  | Identified the +0 leather armour "Kiobror" {rC+ Regen+}
 71633 | Slime:5  | Identified the staff "Bashug" {rC+ Will+ Int+4 Ice}
 71847 | Slime:5  | Identified the +1 pair of boots of Wounych {Rampage rPois}
 71859 | Slime:5  | Got the Grimoire of Dusty Companions
 71861 | Slime:5  | Got a slimy rune of Zot
 71863 | Slime:5  | Identified the staff "Iqogalyr" {rPois rF+ Poison}
 72761 | Crypt:1  | Entered Level 1 of the Crypt
 72843 | Crypt:1  | Paralysed by a Zot trap for 2 turns
 73600 | Crypt:2  | Received a gift from Okawaru
 73913 | Crypt:2  | Got Sif Muna's Omnibus of the Unstable Caves
 74259 | Crypt:2  | Reached XP level 25. HP: 254/254 MP: 31/31
 74314 | Crypt:3  | Entered Level 3 of the Crypt
 74715 | Crypt:3  | Received a gift from Okawaru
 74897 | Crypt:3  | Found a basalt altar of Yredelemnul.
 74917 | Crypt:3  | Found an ancient bone altar of Kikubaaqudgha.
 74921 | Crypt:3  | Identified the +0 halberd "Wieleut" {spect, Fragile rElec
                  | Int+6}
 74940 | Crypt:3  | Found the +6 Majin-Bo {spellvamp, MP+6 Int+6}
 74947 | Crypt:3  | Identified the +0 scimitar of Dishonour {protect, Str+2
                  | Stlth+}
 74999 | Crypt:3  | Identified the +3 helmet "Jas Ilut" {rC- Str+3 SInv}
 75000 | Crypt:3  | Identified the +5 morningstar of Sudden Death {heavy,
                  | Fragile Fly Int+5}
 75144 | Crypt:3  | Found a staircase to the Tomb.
 75614 | Zig:1    | Entered Level 1 of a ziggurat
 75629 | Zig:2    | Entered Level 2 of a ziggurat
 75654 | Zig:3    | Entered Level 3 of a ziggurat
 75670 | Zig:3    | Identified the staff "Zennemuk" {rF- rN+ Str+3 Conj}
 75673 | Zig:4    | Entered Level 4 of a ziggurat
 75706 | Zig:4    | Identified the staff of Indomitability {Contam rN+ Will++
                  | Dex+3 Necro}
 75708 | Zig:4    | Acquired 1228 gold pieces
 75712 | Zig:5    | Entered Level 5 of a ziggurat
 75733 | Zig:5    | Got Ryatiyj's Final Excursus on Incantation
 75764 | Zig:6    | Entered Level 6 of a ziggurat
 75808 | Zig:6    | Identified the ring of Equilibrium {Fly rElec}
 75813 | Zig:7    | Entered Level 7 of a ziggurat
 75819 | Zig:7    | Noticed a royal mummy
 75828 | Zig:7    | HP: 11/330 [death scarab[a royal mummy] (6)]
 75828 | Zig:7    | Slain by a bennu

Illustrated notes

Levels and vault maps discovered:
D:1:      dpeg_arrival_tiny_h, layout_loops_cross,
          shapermc_ecumenical_altar_totnotflames
D:2:      wander_river, layout_rooms, serial_shops, shop, serial_bayou_pond_b,
          minmay_box_of_dots, uniq_terence
D:3:      layout_rooms, nicolae_qazlal_style_of_elements, minmay_starry_boxes,
          uniq_crazy_yiuf_cottage, uniq_robin
D:4:      layout_loops_ring, nicolae_ru_sacrificial_ziggurat,
          mainiacjoe_overflow_tiny_flanked, serial_shops, shop,
          kennysheep_cross_room, uniq_blork_the_orc
D:5:      layout_gridville, serial_co_window_serial, co_window_corner_a,
          co_window_corner_a, co_window_corner_a, co_window_paths_b,
          co_window_corner_a, co_window_corner_b, co_window_broadway_c,
          co_window_2corner, co_window_4corner_a, co_window_sun,
          glass_columns_c, glass_columns_c
D:6:      layout_basic, mainiacjoe_overflow_paths, chequers_mini_garden,
          eino_small_chamber_without_monster
D:7:      layout_loops_ring, minmay_temple_entry_tees, enter_bailey_4,
          minmay_crystal_room, st_stairs_14
D:8:      layout_gridville, grunt_temple_overflow_growth_and_decay,
          minmay_unpleasant_kobolds, uniq_grum, uniq_joseph
D:9:      layout_irregular_city
D:10:     layout_rooms, evilmike_ruin_ashenzari,
          chequers_temple_overflow_minitemple, hive_lemuel
D:11:     layout_gridville, lair_entry_dummy, david_orc_5, serial_ice,
          serial_ice_j, serial_ice_f, serial_ice_a, serial_ice_b,
          portal_ice_cave_entry_pillars_1, nicolae_gozag_zags_fifth_avenue
D:12:     layout_layer_cave, gammafunk_ghost_abyssal_escape, uniq_psyche
D:13:     layout_roguey, serial_shops, shop, fedhas_bush_and_centaur_altar,
          uniq_urug
D:14:     layout_long_grid, grunt_vaults_entry_fortified, hangedman_decor_push,
          uniq_azrael
D:15:     gammafunk_enter_depths_forms, layout_loops_corners, serial_shops,
          shop, small_statue_alley_a, gammafunk_ghost_mausoleum,
          minmay_guarded_unrand_skullcrusher, uniq_roxanne
Temple:   hellmonk_temple_forest_ring
Lair:1:   statuecave_lemuel, layout_gridlike, small_statue_intersection,
          infiniplex_staircase_pool_2, grunt_megastairs_3, uniq_gastronok
Lair:2:   layout_gridlike, minmay_shoals_entry_centaurs,
          guppyfry_snake_entry_garden, chequers_serial_rivers_micro_e,
          nicolae_quartered_pool_super, pond, lemuel_fruit_tree,
          serial_bayou_shore_a, infiniplex_staircase_pool
Lair:3:   layout_gridlike
Lair:4:   layout_regular_city, nicolae_slime_entry_field_trip,
          chequers_serial_rivers_large_b, uniq_sonja
Lair:5:   hangedman_lair_tendril_chambers, layout_regular_city,
          grunt_megastairs_1
Shoals:1: layout_shoals, serial_shops, shop, nicolae_shop_hallway_stairs,
          nicolae_shoals_spring_well_temple, uniq_aizul
Shoals:2: layout_shoals, st_sunken_huts, uniq_donald, uniq_ilsuiw, uniq_frances
Shoals:3: cheibrodos_shoals_satyrical_garden, layout_shoals,
          nicolae_shoals_wave_tunnel
Shoals:4: shoals_end_hellmonk_storm_palace [storm_palace_center_square,
          storm_palace_corner_pillars, storm_palace_corner_narrow,
          storm_palace_corner_narrow, storm_palace_corner_blocked]
Snake:1:  layout_chambers, nicolae_snake_naga_rites, uniq_kirke
Snake:2:  layout_chambers, uniq_jorgrun
Snake:3:  layout_misc_corridors, serial_bayou_shore_b, grunt_megastairs_4,
          uniq_agnes
Snake:4:  johnstein_snake_rune_scales, layout_misc_corridors, basic_altar,
          nicolae_shop_vocational, minmay_shoptagon, uniq_vashnia
Slime:1:  layout_caves, special_room [special_room_jelly]
Slime:2:  layout_caves, uniq_dissolution
Slime:3:  layout_caves
Slime:4:  layout_caves, cheibrodos_slime_lost_civilization_4
Slime:5:  slime_pit_nicolae_trefoil
Orc:1:    layout_diamond_mine, lemuel_statue_altar, led_sif_book
Orc:2:    grunt_orc_tribal_feast, layout_diamond_mine, bh_open_orc_temple,
          uniq_nessos, uniq_snorg
Elf:1:    nicolae_elf_arrival_no_cutting_in_line, layout_geoelf_diagonals,
          minmay_elf_annihilation, drop_trap, corner_web_ring
Elf:2:    elven_hall_of_blades_hangedman_alternative [nicolae_blade_lattice],
          layout_geoelf_octagon, minmay_shop_star
Elf:3:    minmay_elf_hall_curves, layout_loops_cross, serial_shops,
          nicolae_shop_tiny_statue_garden, uniq_nikola, uniq_louise
Vaults:1: v_alt_pattern_4, v_misc_11, nicolae_vaults_rhombus_6,
          vaults_dpeg_doors, nicolae_vaults_lightning_bolt,
          nicolae_vaults_heart-shaped_vault, ontoclasm_vaults_gallery,
          vaults_dpeg_hooks, ontoclasm_vaults_spin, v_alt_pattern_6, v_misc_13,
          v_misc_9, v_misc_28, layout_vaults_omnibox
Vaults:2: nicolae_vaults_little_ls, vaults_room_fours,
          minmay_crypt_entry_simple_walls, v_misc_9,
          nicolae_vaults_sesquioval_fish, nicolae_vaults_three_branches,
          v_misc_28, ontoclasm_vaults_gateway, layout_vaults_omnigrid,
          serial_shops, shop, uniq_bai_suzhen
Vaults:3: ontoclasm_vaults_eye, nicolae_vaults_storage_closets_3,
          nicolae_vaults_tetromino_Z_2, nicolae_vaults_network_quinsquares
          [nicolae_vaults_network_quincunx_subvault,
          nicolae_vaults_network_quincunx_subvault,
          nicolae_vaults_network_quincunx_subvault,
          nicolae_vaults_network_quincunx_subvault], nicolae_vaults_trapezoid_2,
          ontoclasm_vaults_chip, vaults_standard_mumra_x, v_rooms_2,
          hangedman_vaults_stretched_pinwheel, vaults_room_door_ring,
          nicolae_vaults_shipping_containers_3, grunt_vaults_diagonal,
          layout_vaults_maze_snakey, nicolae_trove_entry_isolated, serial_shops,
          nicolae_shop_tiny_waterfront, uniq_mennas, uniq_jory
Vaults:4: nicolae_vaults_taking_the_gang_shopping, nicolae_vaults_specimen_jars,
          ontoclasm_vaults_shout, v_pattern_4, grunt_vaults_twisty,
          hangedman_vaults_restitches, vaults_mumra_hexcomb,
          nicolae_vaults_cornered_office, nicolae_vaults_theta,
          nicolae_vaults_little_squares_6, nicolae_vaults_house_2,
          nicolae_vaults_diamond_2, layout_vaults_omnicross
Vaults:5
Crypt:1:  layout_rooms, grunt_megastairs_5
Crypt:2:  layout_chaotic_city
Crypt:3:  lightli_unholy_cathedral, layout_chaotic_city,
          tomb_entry_forgotten_bobbens, lemuel_freeze_loot_1
Depths:1: layout_long_grid, hell_entry, bh_walls_and_bars,
          abyss_entry_small_statue_room, rand_demon_pan_entry_9,
          nicolae_vehumet_altar_sigil
Depths:2: minmay_crescents, layout_twisted_cross, enter_ziggurat_c,
          grunt_hell_entry_dis_mu, nicolae_kite_square_tiling_tiny,
          serial_shops, nicolae_shop_tiny_real_fake_doors,
          hangedman_abyss_entry_splay, grunt_pan_entry_sceptre,
          minmay_misc_feat_iff, minmay_staircase_windowed_small, uniq_grunn
Depths:3: minmay_stepped, layout_gridville, serial_sigils_hangedman_leer,
          hell_entry, abyss_entry
Depths:4: hangedman_pleasuredromes, hell_entry, abyss_entry, pan_entry,
          serial_shops
Zig:7

Skill      XL: |  1  2  3  4  5  6  7  8  9 10 11 12 13 14 15 16 17 18 19 20 21 22 23 24 25 |
---------------+----------------------------------------------------------------------------+-----
Axes           | 2 3 4 5 7 9 10 12 13 15 17 18 19 20 21 22 23 | 23.0
Armour         | 4 5 6 7 8 11 12 13 14 15 16 17 18 | 18.0
Fighting       | 3 4 6 7 8 10 11 12 13 14 16 17 18 19 20 21 22 | 22.0
Invocations    | 3 5 7 9 10 12 14 15 16 | 16.0
Shields        | 6 11 14 16 17 19 | 19.9
Shapeshifting  | 7 12 15 | 15.0

Action                     |  1- 3 |  4- 6 |  7- 9 | 10-12 | 13-15 | 16-18 | 19-21 | 22-24 | 25-27 || total
---------------------------+-------+-------+-------+-------+-------+-------+-------+-------+-------++-------
  Melee: War axe           |    92 |    33 |    79 |   466 |       |       |       |       |       ||   670
         Tailslap          |     9 |    13 |    25 |   100 |   180 |   179 |   260 |   354 |    59 ||  1179
         Quarterstaff      |       |    98 |   142 |       |       |       |       |       |       ||   240
         Battleaxe         |       |       |       |   109 |  1042 |   941 |       |       |       ||  2092
         Unarmed           |       |       |       |       |       |    11 |       |       |       ||    11
         Broad axe         |       |       |       |       |       |   216 |  1257 |  1681 |   283 ||  3437
         Kick              |       |       |       |       |       |       |       |    90 |   129 ||   219
  Throw: Dart              |       |       |       |     1 |     3 |       |       |       |       ||     4
 Invoke: Heroism           |       |       |     2 |     8 |    13 |    13 |     9 |    10 |     1 ||    56
         Finesse           |       |       |       |       |     1 |     2 |     2 |     1 |     1 ||     7
         Duel              |       |       |       |       |       |     1 |     1 |       |       ||     2
Ability: Begin Untransform |       |       |       |       |       |       |       |     1 |       ||     1
  Evoke: Wand              |       |       |       |    10 |     7 |       |       |     1 |       ||    18
    Use: Scroll            |       |     7 |     7 |     7 |     5 |     3 |     3 |     1 |     2 ||    35
         Potion            |       |       |     2 |     1 |     5 |     5 |     7 |     5 |     1 ||    26
   Stab: Distracted        |       |       |       |     1 |       |       |       |       |       ||     1
         Invisible         |       |       |       |       |       |       |       |     2 |       ||     2
         Petrified         |       |       |       |       |       |       |       |       |     6 ||     6
 Armour: Scale mail        |    54 |    12 |    52 |   250 |       |       |       |       |       ||   368
         Chain mail        |       |    89 |   109 |       |       |       |       |       |       ||   198
         Plate armour      |       |       |       |    85 |   776 |   842 |   498 |   714 |       ||  2915
         Skin              |       |       |       |       |       |       |       |   160 |   233 ||   393
  Dodge: Dodged            |    41 |    45 |    78 |   142 |   217 |   153 |    85 |   153 |    75 ||   989
  Block: Buckler           |    18 |     1 |     9 |   237 |       |       |       |       |       ||   265
         Other             |       |       |    18 |    25 |   187 |       |       |       |       ||   230
         Reflection        |       |       |     2 |     7 |     7 |       |       |       |       ||    16
         Kite shield       |       |       |       |       |       |    55 |   446 |   821 |   215 ||  1537
   Form: Statue            |       |       |       |       |       |       |       |     2 |       ||     2

Table legend: (Time is in decaauts)
 A = Elapsed time spent in this place.
 B = Non-inter-level travel time spent in this place.
 C = Inter-level travel time spent in this place.
 D = Time resting spent in this place.
 E = Time spent auto-exploring this place.
 F = Levels seen in this place.
 G = Mean time per level.
                   A        B        C        D        E       F      G
               +--------+--------+--------+--------+--------+-----+--------+
         Total |  75618 |  71723 |   3895 |   6734 |  52071 |  63 | 1200.3 |
       Dungeon |  17455 |  15777 |   1678 |   1212 |  11152 |  15 | 1163.7 |
        Temple |     31 |     31 |      0 |      0 |      0 |   1 |   31.0 |
          Lair |   8422 |   7874 |    548 |   1202 |   5443 |   5 | 1684.4 |
        Shoals |   6999 |   6828 |    171 |     71 |   6002 |   4 | 1749.8 |
     Snake Pit |   5036 |   4842 |    194 |    385 |   3337 |   4 | 1259.0 |
    Slime Pits |   2086 |   2023 |     63 |    921 |    692 |   5 |  417.2 |
  Orcish Mines |   1802 |   1658 |    144 |    361 |    836 |   2 |  901.0 |
   Elven Halls |   4192 |   3978 |    214 |    210 |   2449 |   3 | 1397.3 |
        Vaults |  13744 |  13288 |    456 |    720 |  11141 |   5 | 2748.8 |
         Crypt |   3292 |   3071 |    221 |      0 |   2296 |   3 | 1097.3 |
        Depths |   9844 |   9641 |    203 |      0 |   8722 |   4 | 2461.0 |
      Ziggurat |    265 |    265 |      0 |      0 |      0 |   7 |   37.9 |
         Trove |     92 |     92 |      0 |      0 |      0 |   1 |   92.0 |
        Bailey |    524 |    524 |      0 |    277 |      0 |   1 |  524.0 |
      Ice Cave |   1776 |   1776 |      0 |   1351 |      0 |   1 | 1776.0 |
         Arena |     51 |     51 |      0 |     24 |      0 |   2 |   25.5 |
               +--------+--------+--------+--------+--------+-----+--------+

Top non-repeatable levels by time:
Depths:4: 3333 daAuts
Vaults:2: 3196 daAuts
Vaults:3: 3181 daAuts
Vaults:4: 3054 daAuts
Depths:3: 2965 daAuts
Vaults:1: 2657 daAuts
  Lair:5: 2355 daAuts
Shoals:2: 2078 daAuts
    D:12: 2003 daAuts
  Lair:1: 1933 daAuts
   Elf:3: 1930 daAuts
    D:14: 1927 daAuts
    D:11: 1874 daAuts
Depths:1: 1868 daAuts
   IceCv: 1776 daAuts
